 Dungeon Crawl Stone Soup version 0.28-a0-1190-g77e1c55843 (webtiles) character file.

Game seed: 18175870500801200033

130 Crownlay the Digger (level 5, -4/28 HPs)
             Began as a Gargoyle Earth Elementalist on Dec 18, 2021.
             Killed by divine providence
             ... invoked by an orc priest
              (8 damage)
             ... on level 3 of the Dungeon.
             The game lasted 00:04:02 (3053 turns).

Crownlay the Digger (Gargoyle Earth Elementalist)   Turns: 3053, Time: 00:04:02

Health: -4/28      AC:  6    Str: 12    XL:     5   Next: 13%
Magic:  3/11       EV: 12    Int: 17    God:
Gold:   110        SH:  0    Dex: 16    Spells: 11/12 levels left

rFire   . . .      SeeInvis .   l - +0 mace
rCold   . . .      Faith    .   (no shield)
rNeg    + . .      Spirit   .   b - +0 robe
rPois   ∞          Reflect  .   (no helmet)
rElec   +          Harm     .   (no cloak)
rCorr   .          Rampage  .   (no gloves)
Will    .....                   (no boots)
Stlth   ++........              (no amulet)
HPRegen 0.09/turn               i - ring of wizardry
MPRegen 0.12/turn               j - +6 ring of dexterity

@: no status effects
A: sickness immunity, AC +4, negative energy resistance 1, electricity
resistance, torment resistance 1, petrification resistance
a: no special abilities


You were on level 3 of the Dungeon.
You visited 1 branch of the dungeon, and saw 3 of its levels.

You collected 110 gold pieces.

Inventory:

Hand Weapons
 l - a +0 mace (weapon)
Missiles
 c - 12 stones
Armour
 b - a +0 robe (worn)
Jewellery
 i - a ring of wizardry (left hand)
 j - a +6 ring of dexterity (right hand)
Scrolls
 e - a scroll of amnesia
 f - 2 scrolls of identify
 h - a scroll of silence {unknown}
 k - a scroll of noise
Potions
 a - a potion of attraction {unknown}
 g - a potion of lignification


   Skills:
 - Level 1.5 Dodging
 - Level 2.1 Stealth
 * Level 4.1 Spellcasting
 - Level 0.7 Transmutations
 + Level 4.8 Earth Magic


You had 11 spell levels left.
You knew the following spells:

 Your Spells              Type           Power      Damage    Failure   Level
a - Sandblast             Erth           40%        2d10      1%          1

Your spell library contained the following spells:

 Spells                   Type           Power      Damage    Failure   Level
 Passwall                 Tmut/Erth      10%        N/A       3%          2
 Stone Arrow              Conj/Erth      22%        3d8       7%          3
 Petrify                  Tmut/Erth      13%        N/A       19%         4


Dungeon Overview and Level Annotations

Branches:
Dungeon (3/15)

Altars:


Innate Abilities, Weirdness & Mutations

You are immune to sickness and miasma.
Your stone body is resilient. (AC +4)
You are immune to poison.
You resist negative energy. (rN+)
You are resistant to electric shocks. (rElec)
You are resistant to unholy torment.
You are immune to petrification.


Message History

The orc is severely wounded.
The orc priest mumbles some strange prayers to Beogh against you.
Beogh smites you! The orc barely misses you.
You hear a shout!
The blast of sand hits the orc but does no damage.
The orc is severely wounded.
The orc closely misses you.
The blast of sand hits the orc.
You kill the orc!
The orc priest calls down the wrath of Beogh upon you.
Beogh smites you!
* * * LOW HITPOINT WARNING * * *
You are too injured to fight recklessly!
Casting: Sandblast (safe; 1% risk of failure)
Confirm with . or Enter, or press ? or * to list all spells.
Aiming: Sandblast (safe; 1% risk of failure)
Press: ? - help, Shift-Dir - straight line, f - orc
Aim: an orc, wielding a +0 dagger and wearing a +0 leather armour (81% to hit)
The blast of sand hits the orc.
The orc is heavily wounded.
The orc hits you but does no damage.
A hobgoblin comes into view.
Casting: Sandblast (safe; 1% risk of failure)
Confirm with . or Enter, or press ? or * to list all spells.
Aiming: Sandblast (safe; 1% risk of failure)
Press: ? - help, Shift-Dir - straight line, f/p - orc
Aim: an orc, wielding a +0 dagger and wearing a +0 leather armour (heavily wounded, 81% to hit)
The blast of sand hits the orc!
You kill the orc!
The orc priest casts a cantrip, but nothing happens.
Casting: Sandblast (safe; 1% risk of failure)
Confirm with . or Enter, or press ? or * to list all spells.
Aiming: Sandblast (safe; 1% risk of failure)
Press: ? - help, Shift-Dir - straight line, f - orc priest
Aim: an orc priest, wielding a +0 dagger (81% to hit)
The blast of sand hits the orc priest.
The orc priest is moderately wounded.
The orc priest invokes the aid of Beogh against you.
Beogh smites you!
You die...

##### #...### .... +......
#.###...## #........# ##.##
#........#
#...###.###....#### #
#...+.....#........ 8#
#...###.#.#.###########.#####
#...# #.#.#.....@)oo..g.....o
#...###)#'#############.#####
#...........#.... #
##.....)....#....
#................
#..........##....
##..........# ...
.'..........# ..
##..........# .


You could see 2 orc priests and a hobgoblin.

Vanquished Creatures
  An orc wizard (D:3)
  4 gnolls (D:2)
  An adder (D:2)
  A worm (D:2)
  2 dart slugs (D:1)
  7 orcs (D:3)
  5 ball pythons
  3 bats
  5 endoplasms
  A giant cockroach (D:2)
  A hobgoblin (D:1)
  A quokka (D:1)
  A frilled lizard (D:1)
  4 goblins
  6 kobolds
  5 rats
48 creatures vanquished.

Notes
Turn   | Place    | Note
-------+----------+-------------------------------------------
     0 | D:1      | Crownlay the Gargoyle Earth Elementalist began the quest
                  | for the Orb.
     0 | D:1      | Reached XP level 1. HP: 10/10 MP: 3/3
   677 | D:1      | Reached XP level 2. HP: 9/15 MP: 5/5
   981 | D:1      | Found a faded altar of an unknown god.
  1343 | D:1      | Reached XP level 3. HP: 19/19 MP: 2/7
  1531 | D:2      | Reached XP level 4. HP: 24/24 MP: 1/9
  2664 | D:3      | Reached XP level 5. HP: 23/28 MP: 0/11
  3053 | D:3      | Killed from afar by an orc priest

Illustrated notes

Levels and vault maps discovered:
D:1:      ebering_trefoil_3fold, layout_basic,
          hellmonk_ecumenical_altar_pennies_from_heaven
D:2:      layout_basic, hex_medium
D:3:      layout_basic, mainiacjoe_overflow_24_doors, serial_shops,
          nicolae_shop_temple_entry_statues_fountains, minmay_distorted

Skill      XL: |  1  2  3  4 |
---------------+-------------+-----
Earth Magic    | 4 |  4.8
Spellcasting   | 3 4 |  4.1
Dodging        | |  1.5
Stealth        | |  2.1
Transmutations | |  0.7

Action                   |  1- 3 |  4- 6 || total
-------------------------+-------+-------++-------
Melee: Club              |    34 |    57 ||    91
       Unarmed           |     5 |       ||     5
 Cast: Sandblast         |    34 |    34 ||    68
  Use: Scroll            |       |     2 ||     2
       Potion            |       |     1 ||     1
 Stab: Sleeping          |     1 |     2 ||     3
Armor: Robe              |    26 |    21 ||    47
       Skin              |       |    21 ||    21
Dodge: Dodged            |    34 |    51 ||    85

Table legend: (Time is in decaauts)
 A = Elapsed time spent in this place.
 B = Non-inter-level travel time spent in this place.
 C = Inter-level travel time spent in this place.
 D = Time resting spent in this place.
 E = Time spent auto-exploring this place.
 F = Levels seen in this place.
 G = Mean time per level.
                   A        B        C        D        E       F      G
               +--------+--------+--------+--------+--------+-----+--------+
         Total |   3078 |   3020 |     58 |      0 |   2571 |   3 | 1026.0 |
       Dungeon |   3078 |   3020 |     58 |      0 |   2571 |   3 | 1026.0 |
               +--------+--------+--------+--------+--------+-----+--------+

Top non-repeatable levels by time:
     D:1: 1421 daAuts
     D:2: 1145 daAuts
     D:3: 512 daAuts
